 Dungeon Crawl Stone Soup version 0.29-a0-330-g52719c12eb (webtiles) character file.

Game seed: 941306677886960404

15 sanka the Insei (level 2, 27/29 HPs)
             Began as a Gnoll Monk on Apr 15, 2022.
             Was a Believer of Vehumet.
             Quit the game on level 1 of the Dungeon.
             The game lasted 00:01:16 (280 turns).

sanka the Insei (Gnoll Monk)                         Turns: 280, Time: 00:01:16

Health: 27/29      AC:  4    Str: 10    XL:     2   Next: 50%
Magic:  2/2        EV: 15    Int:  9    God:    Vehumet [**....]
Gold:   29         SH:  0    Dex: 14    Spells: 1/1 levels left

rFire   . . .      SeeInvis .     - Unarmed
rCold   . . .      Faith    .   (no shield)
rNeg    . . .      Spirit   .   a - +0 robe
rPois   .          Reflect  .   f - +0 helmet
rElec   .          Harm     .   c - +0 cloak
rCorr   .          Rampage  .   (no gloves)
Will    .....                   (no boots)
Stlth   +++.......              (no amulet)
HPRegen 0.09/turn               (no ring)
MPRegen 0.08/turn               (no ring)

@: no status effects
A: fangs 1, strong nose, distributed training
a: Renounce Religion


You were on level 1 of the Dungeon.
You worshipped Vehumet.
Vehumet was pleased with you.
You visited 1 branch of the dungeon, and saw 1 of its levels.

You collected 29 gold pieces.


Innate Abilities, Weirdness & Mutations

You have very sharp teeth.
Your uncanny sense of smell can sniff out nearby items.
Your experience applies equally to all skills.


   Skills:
 + Level 6.5 Fighting
 + Level 0.4 Short Blades
 + Level 0.4 Long Blades
 + Level 0.4 Axes
 + Level 0.4 Maces & Flails
 + Level 0.4 Polearms
 + Level 0.4 Staves
 + Level 0.4 Slings
 + Level 0.4 Bows
 + Level 0.4 Crossbows
 + Level 0.4 Throwing
 + Level 0.4 Armour
 + Level 6.5 Dodging
 + Level 4.1 Stealth
 + Level 0.4 Shields
 + Level 6.5 Unarmed Combat
 + Level 0.4 Spellcasting
 + Level 0.2 Conjurations
 + Level 0.2 Hexes
 + Level 0.2 Summonings
 + Level 0.2 Necromancy
 + Level 0.2 Translocations
 + Level 0.2 Transmutations
 + Level 0.2 Fire Magic
 + Level 0.2 Ice Magic
 + Level 0.2 Air Magic
 + Level 0.2 Earth Magic
 + Level 0.2 Poison Magic
 + Level 0.5 Invocations
 + Level 0.4 Evocations


You had one spell level left.
You didn't know any spells.
Your spell library was empty.

Inventory:

Armour
 a - a +0 robe (worn)
 c - a +0 cloak (worn)
 f - a +0 helmet (worn)
Scrolls
 d - a scroll of torment {unknown}
 g - a scroll of fog {unknown}
 h - a scroll of silence {unknown}
Potions
 b - a potion of ambrosia
 e - a potion of curing {unknown}

Dungeon Overview and Level Annotations

Branches:
Dungeon (1/15)

Altars:
Vehumet

▒▒▒▒▒▒ ▒.... ▒...
▒..▒▒▒▒▒▒▒▒▒
▒..▒.......▒
▒▒▒▒▒▒▒▒▒▒..▒.......▒
.....)......▒..▒▒▒..▒
▒▒▒▒▒▒.▒▒▒▒.'..▒g▒..▒
▒▒▒ ▒.▒▒▒..▒..▒'▒..▒
..▒ ▒......▒.......▒
▒.▒▒▒▒▒▒▒...▒.......▒
▒...........▒▒▒▒▒▒▒▒▒
▒▒▒▒▒▒▒▒▒.▒.........
▒.▒†..▒▒▒▒▒▒
▒.▒..▒▒▒▒▒▒▒▒
▒.▒..........


There were no monsters in sight!


Message History

The stone completely misses you. The kobold hits you with a +0 whip.
You punch the kobold!
You kill the kobold!
No target in view!
There is an open door here.
You open the door.
Found a faded altar of an unknown god.
There is an open door here.
There is a faded altar of an unknown god here.
You cannot tell which god this altar belongs to.
Convert to them anyway?
Vehumet accepts your prayer! Vehumet welcomes you!
You can now gain magical power from killing.
Vehumet offers you knowledge of Magic Dart.
Unknown command.
Press < or > to pray at altars.
Options error: Bad object type '%' for autopickup. (~/.crawlrc:98) Options error: Bad monster_list_colour key: strict_neutral (~/.crawlrc:1385) Options error: Unknown monster: "worker ant:red B" (~/.crawlrc:1491) Options error: Unknown monster: "queen ant:lightgreen B" (~/.crawlrc:1492) Options error: Unknown monster: "soldier ant:white B" (~/.crawlrc:1493) Options error: Unknown monster: "blood saint:9" (~/.crawlrc:1525) Options error: Unknown monster: "warmonger:9" (~/.crawlrc:1526) Options error: Unknown monster: "corrupter:9" (~/.crawlrc:1527) Options error: Unknown monster: "black sun:9" (~/.crawlrc:1528) Options error: Unknown monster: "greater mummy:lightmagenta M" (~/.crawlrc:1534) Welcome back, sanka the Gnoll Monk.
Vehumet says: Let it end in hellfire!
Are you sure you want to abandon this character and quit the game? (Confirm with "yes".)

Action                   || total
-------------------------++-------
Melee: Unarmed           ||    21
       Bite              ||     1
       Punch             ||     1
 Stab: Sleeping          ||     1
Armor: Robe              ||     3
Dodge: Dodged            ||    14

Levels and vault maps discovered:
D:1:      heliophobic_arrival_enchanted_forest, layout_loops_ring,
          hellmonk_ecumenical_altar_inner_sanctum, grunt_decor_resistance,
          grunt_decor_fettered

Notes
Turn   | Place    | Note
-------+----------+-------------------------------------------
     0 | D:1      | sanka the Gnoll Monk began the quest for the Orb.
     0 | D:1      | Reached XP level 1. HP: 23/23 MP: 1/1
   138 | D:1      | Reached XP level 2. HP: 25/29 MP: 2/2
   276 | D:1      | Found a faded altar of an unknown god.
   279 | D:1      | Prayed at the altar of an unknown god.
   279 | D:1      | Became a worshipper of Vehumet
   279 | D:1      | Reached * piety under Vehumet
   279 | D:1      | Offered knowledge of Magic Dart by Vehumet.
   279 | D:1      | Reached ** piety under Vehumet
   280 | D:1      | Quit the game

Vanquished Creatures
  A dart slug (D:1)
  A giant cockroach (D:1)
  3 jackals (D:1)
  2 quokkas (D:1)
  A frilled lizard (D:1)
  2 goblins (D:1)
  2 kobolds (D:1)
12 creatures vanquished.
